 Seeded DCSS version 0.30-a0-1043-g60ff8d5f49 (webtiles) character file.

Game seed: 7547814903460644772 (custom seed)

19 DeathPants the Stinger (level 2, -1/20 HPs)
             Began as a Ghoul Venom Mage on Apr 10, 2023.
             Slain by a worm (7 damage)
             ... on level 1 of the Dungeon.
             The game lasted 00:02:55 (873 turns).

DeathPants the Stinger (Ghoul Venom Mage)            Turns: 873, Time: 00:02:56

Health: -1/20      AC:  2    Str: 11    XL:     2   Next: 75%
Magic:  1/3        EV: 12    Int: 10    God:
Gold:   30         SH:  0    Dex:  9    Spells: 1/4 levels left

rFire   . . .      SeeInvis .    g - +4 dagger
rCold   + . .      Faith    .    (no shield)
rNeg    + + +      Spirit   .    a - +0 robe
rPois   ∞          Reflect  .    (no helmet)
rElec   .          Rampage  .    (no cloak)
rCorr   .                        (no gloves)
Will    .....                    (no boots)
Stlth   ++                       (no amulet)
HPRegen 0.00/turn                (no ring)
MPRegen 0.08/turn                (no ring)

@: very slightly contaminated, inhibited regen
A: claws 1, cold resistance 1, negative energy resistance 3, inhibited
regeneration, torment resistance 2, devour on kill
a: no special abilities


You were on level 1 of the Dungeon.
You visited 1 branch of the dungeon, and saw 2 of its levels.

You collected 30 gold pieces.

Inventory:

Hand Weapons
 g - a +4 dagger (weapon)
Armour
 a - a +0 robe (worn)
Scrolls
 c - a scroll of identify {unknown}
 e - a scroll of magic mapping {unknown}
 j - a scroll of enchant weapon {unknown}
Potions
 b - a potion of magic
 d - a potion of haste {unknown}
 f - 2 potions of experience {unknown}
 h - a potion of might {unknown}
 i - a potion of cancellation {unknown}


   Skills:
 - Level 1.7 Dodging
 - Level 2.1 Stealth
 - Level 1.7 Spellcasting
 - Level 0.8 Transmutations
 + Level 3.9 Poison Magic


You had one spell level left.
You knew the following spells:

 Your Spells              Type           Power      Damage    Failure   Level
a - Sting                 Tmut/Pois      20%        1d4       12%         1
b - Poisonous Vapours     Pois/Air       8%         N/A       22%         2

Your spell library contained the following spells:

 Spells                   Type           Power      Damage    Failure   Level
 Mephitic Cloud           Conj/Pois/Air  3%         N/A       50%         3
 Olgreb's Toxic Radiance  Pois           8%         N/A       52%         4


Dungeon Overview and Level Annotations

Branches:
Dungeon (2/15)

Altars:


Innate Abilities, Weirdness & Mutations

You are immune to poison.
You have sharp fingernails.
Your flesh is cold resistant. (rC+)
You are immune to negative energy. (rN+++)
You do not regenerate when monsters are visible.
You are immune to unholy pain and torment.
You thrive by killing the living.


Message History

There is a stone staircase leading down here.
You climb downwards.
The adder bites you but does no damage.
The goblin shouts!
There is a stone staircase leading up here.
The hobgoblin shouts!
The adder closely misses you. The goblin barely misses you.
The adder bites you.
You climb upwards.
There is a stone staircase leading down here.
Aiming: Sting (safe; 12% risk of failure)
Press: ? - help, Q - select action, (/) - cycle Shift-Dir - straight line, f - worm
Aim: a worm (89% to hit)
You miscast Sting.
You are very lightly contaminated with residual magic.
Nothing appears to happen.
The goblin hits you with a +0 club. The worm bites you!
* * * LOW HITPOINT WARNING * * *
You hit the goblin.
You kill the goblin!
You feel better. The worm bites you.
* * * LOW HITPOINT WARNING * * *
You see here a +0 club.
Aiming: Sting (safe; 12% risk of failure)
Press: ? - help, Q - select action, (/) - cycle Shift-Dir - straight line, f/p - worm
Aim: a worm (89% to hit)
The sting hits the worm.
The worm is poisoned.
The worm is lightly wounded.
The worm bites you but does no damage.
You hit the worm.
The worm is moderately wounded.
You hit the worm.
The worm is heavily wounded.
The worm bites you but does no damage.
You hit the worm.
The worm is heavily wounded.
You barely miss the worm.
The worm is heavily wounded.
The worm bites you!
You die...

....##.....#####
#.# ........♣..##
#.#
..###..♣_♣..####
#.# ..#
##..♣......# .#
..# #.........# .#
..# ###.......#
#.# .##
####......###..#
.#
###.........#...#
.###...#######.#@#
.##..### #..w>#
.#..## #.####
...## #. ..## #.
#.# #. ..# .. ###
##


You could see a worm (poisoned).

Vanquished Creatures
  A ball python (D:1)
  3 bats (D:1)
  An endoplasm (D:1)
  3 hobgoblins (D:1)
  A frilled lizard (D:1)
  4 goblins (D:1)
  2 kobolds (D:1)
  2 rats (D:1)
17 creatures vanquished.

Notes
Turn   | Place    | Note
-------+----------+-------------------------------------------
     0 | D:1      | DeathPants the Ghoul Venom Mage began the quest for the
                  | Orb.
     0 | D:1      | Reached XP level 1. HP: 14/14 MP: 2/2
    67 | D:1      | Found a faded altar of an unknown god.
   483 | D:1      | Reached XP level 2. HP: 20/20 MP: 1/3
   486 | D:1      | Learned a level 2 spell: Poisonous Vapours
   873 | D:1      | Slain by a worm

Illustrated notes

Levels and vault maps discovered:
D:1:      lordsloth_arrival_two_stooges, layout_basic,
          chequers_ecumenical_altar_simple
D:2:      layout_loops_ring, uniq_jessica

Action                     || total
---------------------------++-------
  Melee: Unarmed           ||     9
         Dagger            ||    15
   Cast: Sting             ||    16
 Armour: Robe              ||     5
  Dodge: Dodged            ||    28

Table legend: (Time is in decaauts)
 A = Elapsed time spent in this place.
 B = Non-inter-level travel time spent in this place.
 C = Inter-level travel time spent in this place.
 D = Time resting spent in this place.
 E = Time spent auto-exploring this place.
 F = Levels seen in this place.
 G = Mean time per level.
                   A        B        C        D        E       F      G
               +--------+--------+--------+--------+--------+-----+--------+
         Total |    873 |    873 |      0 |    360 |    228 |   2 |  436.5 |
       Dungeon |    873 |    873 |      0 |    360 |    228 |   2 |  436.5 |
               +--------+--------+--------+--------+--------+-----+--------+

Top non-repeatable levels by time:
     D:1: 868 daAuts
     D:2: 5 daAuts
